 Dungeon Crawl Stone Soup version 0.31.0-12-g77e489cdc1 (webtiles) character file.

Game seed: 17069840432229396165

8 Chiseanne the Trooper (level 2, 25/25 HPs)
             Began as a Demonspawn Wanderer on Feb 17, 2024.
             Quit the game on level 1 of the Dungeon.
             The game lasted 00:00:19 (184 turns).

Chiseanne the Trooper (Demonspawn Wanderer)          Turns: 184, Time: 00:00:20

Health: 25/25      AC:  3    Str: 13    XL:     2   Next: 0%
Magic:  5/5        EV: 11    Int: 12    God:
Gold:   10         SH:  0    Dex: 11    Spells: 5/5 levels left

rFire   . . .        a - +1 falchion
rCold   . . .        (no shield)
rNeg    . . .        c - +0 leather armour
rPois   .            (no helmet)
rElec   .            (no cloak)
rCorr   .            (no gloves)
SInv    .            (no boots)
Will    .....        (no amulet)
Stlth   +            (no ring)
HPRegen 0.24/turn    (no ring)
MPRegen 0.09/turn

%: no passive effects
@: no status effects
A: hooves 1
a: no special abilities


You were on level 1 of the Dungeon.
You visited 1 branch of the dungeon, and saw 1 of its levels.

You collected 10 gold pieces.

Inventory:

Hand Weapons
 a - a +1 falchion (weapon)
Armour
 c - a +0 leather armour (worn)
Scrolls
 d - a scroll of teleportation {unknown}
 e - a scroll of enchant armour {unknown}
Potions
 b - a potion of lignification
 f - a potion of heal wounds {unknown}


   Skills:
 * Level 4.1 Fighting
 - Level 1.0 Long Blades
 * Level 1.3 Armour
 * Level 0.7 Dodging
 - Level 2.0 Spellcasting
 - Level 1.0 Evocations


You had 5 spell levels left.
You didn't know any spells.
Your spell library contained the following spells:

 Spells                   Type           Power      Damage    Failure   Level
 Foxfire                  Conj/Fire      4%         2x1d4     34%         1
 Kiss of Death            Conj/Necr      4%         2d5       34%         1
 Sting                    Conj/Alch      4%         1d3       34%         1
 Sigil of Binding         Hex            1%         N/A       71%         3


Dungeon Overview and Level Annotations

Branches:
Dungeon (1/15)

Altars:


Innate Abilities, Weirdness & Mutations

You have large cloven feet.


Message History

You see here a +0 robe.
You hit the dart slug.
The dart slug is moderately wounded.
The dart slug bites you.
You hit the dart slug.
The dart slug is severely wounded.
The dart slug bites you but does no damage.
You slash the dart slug!
You kill the dart slug!
No target in view!
No target in view!
No target in view!
No target in view!
No target in view!
No target in view!
No target in view!
No target in view!
No target in view!
No target in view!
No target in view!
You see here a dart slug corpse.
You now have 10 gold pieces.
f - a dark potion An endoplasm comes into view.
The endoplasm quivers.
The endoplasm moves out of view.
An endoplasm, a bat and a ball python come into view.
The ball python hisses angrily.
Found 10 gold pieces.
The endoplasm closely misses you.
You hit the endoplasm.
You kill the endoplasm!
The bat barely misses you.
You closely miss the bat. The bat barely misses you.
You hit the bat.
You kill the bat!
You have reached level 2!
You feel monstrous as your demonic heritage exerts itself.
Your demonic ancestry asserts itself...
Your feet thicken and deform.
Are you sure you want to abandon this character and quit the game? (Confirm with "yes".)

#$ ## #.#.. #.#.#
#.... #.#.#### ..
#.#....#
....###.#..#
#......S@..#
######.##.# #.#
.. ####.# ##
#....# #.#..#
#.### #.#..#
#....#####.#..#
###.##.......#..#


You could see a ball python.

Vanquished Creatures
  A dart slug (D:1)
  An endoplasm (D:1)
  A goblin (D:1)
  A quokka (D:1)
  2 bats (D:1)
6 creatures vanquished.

Notes
Turn   | Place    | Note
-------+----------+-------------------------------------------
     0 | D:1      | Chiseanne the Demonspawn Wanderer began the quest for the
                  | Orb.
     0 | D:1      | Chiseanne set off with the following items: a +1 falchion,
                  | a potion of lignification, a +0 leather armour; and the
                  | following spells available to memorise: Foxfire, Kiss of
                  | Death, Sting, Sigil of Binding.
     0 | D:1      | Reached XP level 1. HP: 19/19 MP: 3/3
   184 | D:1      | Discovered your monstrous ancestry.
   184 | D:1      | Gained mutation: You have large cloven feet. [demonic
                  | ancestry]
   184 | D:1      | Reached XP level 2. HP: 25/25 MP: 5/5
   184 | D:1      | Quit the game

Illustrated notes

Levels and vault maps discovered:
D:1:      elethiomel_arrival_maze, layout_basic, serial_glass, glass_columns_b,
          glass_columns_c

Action                     || total
---------------------------++-------
  Melee: Falchion          ||    10
 Armour: Leather armour    ||     7
  Dodge: Dodged            ||     8
